[Event "GEO-ch 1st League 2021"]
[Site "Tbilisi"]
[Date "2021.04.03"]
[Round "6.6"]
[White "Mindiashvili, Tengiz"]
[Black "Adamia, Jaba"]
[Result "1-0"]
[ECO "B40"]
[WhiteElo "1923"]
[BlackElo "1899"]
[Annotator "ChessBase"]
[PlyCount "57"]
[EventDate "2021.03.29"]
[EventType "swiss"]
[EventCountry "GEO"]
[SourceTitle "playchess.com"]
[Source "ChessBase"]
[SourceQuality "1"]
[TimeControl "5400+30"]

1. e4 c5 2. Nf3 e6 3. c3 d5 4. e5 d4 5. cxd4 cxd4 6. Bd3 Nc6 7. Na3 Nge7 8. Be4 Nd5 9. d3 Be7 10. O-O O-O 11. Nb5 Ndb4 12. a3 Qa5 13. Nbxd4 Nxd4 14. Nxd4 Qxe5 15. Nf3 Qd6 16. axb4 f5 17. Bd2 fxe4 18. dxe4 Qb6 19. Qa4 Rd8 20. Be3 Qxb4 21. Qxb4 Bxb4 22. Rxa7 Rxa7 23. Bxa7 Bd7 24. Rd1 Rc8 25. Ne5 Ba4 26. Ra1 Rc2 27. Nd3 Ba5 28. Rxa4 Rd2 29. g3 1-0

[Event "GEO-ch 1st League 2021"]
[Site "Tbilisi"]
[Date "2021.04.03"]
[Round "6.7"]
[White "Bagaturov, Giorgi"]
[Black "Tskipurishvili, Daviti"]
[Result "1-0"]
[ECO "E12"]
[WhiteElo "2431"]
[BlackElo "1807"]
[Annotator "ChessBase"]
[PlyCount "67"]
[EventDate "2021.03.29"]
[EventType "swiss"]
[EventCountry "GEO"]
[SourceTitle "playchess.com"]
[Source "ChessBase"]
[SourceQuality "1"]
[TimeControl "5400+30"]

1. Nf3 Nf6 2. c4 e6 3. d4 b6 4. a3 a5 5. Nc3 Bb7 6. Qc2 d5 7. cxd5 Nxd5 8. e4 Nxc3 9. bxc3 Be7 10. Bb5+ c6 11. Bd3 Nd7 12. O-O O-O 13. e5 h6 14. Be4 Qc7 15. a4 c5 16. Ba3 Rfe8 17. Bxb7 Qxb7 18. Nd2 Qd5 19. Qe4 Rac8 20. Rfd1 cxd4 21. cxd4 Bxa3 22. Rxa3 Nb8 23. Qg4 Red8 24. Rg3 g6 25. Nf1 Nc6 26. Ne3 Qd7 27. d5 exd5 28. Qf4 Qe6 29. Ng4 h5 30. Nf6+ Kf8 31. Nh7+ Ke7 32. Rf3 Nxe5 33. Qg5+ Kd7 34. Re3 1-0

[Event "GEO-ch 1st League 2021"]
[Site "Tbilisi"]
[Date "2021.04.03"]
[Round "6.8"]
[White "Tsotsonava, Elene"]
[Black "Tutisani, Noe"]
[Result "0-1"]
[ECO "B40"]
[WhiteElo "1805"]
[BlackElo "2427"]
[Annotator "ChessBase"]
[PlyCount "64"]
[EventDate "2021.03.29"]
[EventType "swiss"]
[EventCountry "GEO"]
[SourceTitle "playchess.com"]
[Source "ChessBase"]
[SourceQuality "1"]
[TimeControl "5400+30"]

1. e4 c5 2. Nf3 e6 3. d4 cxd4 4. Nxd4 Nf6 5. Nc3 Bb4 6. e5 Nd5 7. Bd2 Bxc3 8. bxc3 d6 9. exd6 Qxd6 10. Bd3 O-O 11. O-O Bd7 12. Rb1 Na6 13. Qh5 f5 14. Rfe1 Nc5 15. Nb3 Na4 16. Rbd1 e5 17. Bc4 Nb2 18. Qh4 f4 19. Bd3 Bf5 20. Rb1 Nxd3 21. cxd3 Bxd3 22. Rbc1 Nb6 23. Na5 Bb5 24. Rcd1 Ba4 25. Nb3 Rad8 26. Qh5 f3 27. Qg4 Rf6 28. c4 Rg6 29. Qxf3 Bc6 30. Bb4 Bxf3 31. Rxd6 Rxg2+ 32. Kf1 Rxd6 0-1

[Event "GEO-ch 1st League 2021"]
[Site "Tbilisi"]
[Date "2021.04.03"]
[Round "6.10"]
[White "Esadze, Tamari"]
[Black "Lomaia, Diana"]
[Result "1/2-1/2"]
[ECO "B48"]
[WhiteElo "1889"]
[BlackElo "1946"]
[Annotator "ChessBase"]
[PlyCount "60"]
[EventDate "2021.03.29"]
[EventType "swiss"]
[EventCountry "GEO"]
[SourceTitle "playchess.com"]
[Source "ChessBase"]
[SourceQuality "1"]
[TimeControl "5400+30"]

1. e4 c5 2. Nf3 e6 3. d4 cxd4 4. Nxd4 Nc6 5. Nc3 Qc7 6. Be2 a6 7. a3 Nf6 8. Be3 Be7 9. O-O O-O 10. Qd2 d6 11. f4 Rd8 12. Rad1 Bd7 13. Qe1 Nxd4 14. Bxd4 Bc6 15. Qg3 g6 16. e5 Ne4 17. Nxe4 Bxe4 18. exd6 Bxd6 19. c3 Bc5 20. Qe3 Bxd4 21. Rxd4 Bc2 22. Rc1 Bb3 23. Rb4 Bd5 24. Rd1 Rd7 25. Rbd4 Rad8 26. c4 Bc6 27. Rxd7 Rxd7 28. Rxd7 Qxd7 29. Qd3 Qe7 30. Qd4 f6 1/2-1/2

[Event "GEO-ch 1st League 2021"]
[Site "Tbilisi"]
[Date "2021.04.03"]
[Round "6.11"]
[White "Khodashneli, Shota"]
[Black "Kheladze, Ilia"]
[Result "1/2-1/2"]
[ECO "B40"]
[WhiteElo "1976"]
[BlackElo "1813"]
[Annotator "ChessBase"]
[PlyCount "114"]
[EventDate "2021.03.29"]
[EventType "swiss"]
[EventCountry "GEO"]
[SourceTitle "playchess.com"]
[Source "ChessBase"]
[SourceQuality "1"]
[TimeControl "5400+30"]

1. e4 c5 2. Nf3 e6 3. b3 a6 4. Bb2 Nc6 5. g3 Nf6 6. e5 Nd5 7. Bg2 b5 8. O-O Rb8 9. d4 Qb6 10. Nbd2 cxd4 11. Ne4 Qc7 12. Nd6+ Bxd6 13. exd6 Qxd6 14. Nxd4 O-O 15. Nxc6 dxc6 16. Qd4 f6 17. c4 bxc4 18. bxc4 e5 19. Qd2 Qb4 20. Bxd5+ cxd5 21. Qxb4 Rxb4 22. Ba3 Rxc4 23. Bxf8 Kxf8 24. Rfc1 Bf5 25. Rxc4 dxc4 26. Kf1 Ke7 27. Ke2 Kd6 28. Kd2 Kd5 29. Kc3 Bd3 30. Re1 e4 31. h4 f5 32. h5 h6 33. a4 Ke5 34. a5 Kf6 35. Kd4 Kg5 36. Rh1 Kg4 37. Rh4+ Kg5 38. Rh1 Kg4 39. Rh4+ Kg5 40. Rf4 Be2 41. Rh4 Bxh5 42. Kxc4 Bf3 43. Kc5 h5 44. Kb6 Be2 45. Rh1 f4 46. Rh4 fxg3 47. fxg3 Kf5 48. Rf4+ Ke5 49. Kc5 g5 50. Rf8 Bd3 51. Rh8 Be2 52. Rg8 Kf5 53. Kd4 Bd3 54. Ke3 Kg4 55. Kf2 Kf5 56. Rf8+ Kg4 57. Rg8 Kf5 1/2-1/2

[Event "GEO-ch 1st League 2021"]
[Site "Tbilisi"]
[Date "2021.04.03"]
[Round "6.12"]
[White "Gogolashvili, Giorgi"]
[Black "Kachkachishvili, Lasha"]
[Result "1/2-1/2"]
[ECO "B21"]
[WhiteElo "1448"]
[BlackElo "1681"]
[Annotator "NA"]
[PlyCount "94"]
[EventDate "2021.03.29"]
[EventType "swiss"]
[EventCountry "GEO"]
[SourceTitle "playchess.com"]
[Source "ChessBase"]
[SourceQuality "1"]
[TimeControl "5400+30"]

1. e4 c5 2. d4 cxd4 3. c3 Qa5 4. Nf3 Nc6 5. Bc4 d6 6. O-O Nf6 7. cxd4 Bg4 8. Qb3 Nd8 9. Nbd2 a6 10. h3 Bxf3 11. Qxf3 e5 12. Bb3 exd4 13. Nc4 Qc5 14. Bf4 Be7 15. Nxd6+ Bxd6 16. Rac1 Qb6 17. e5 Be7 18. exf6 Qxf6 19. Ba4+ Kf8 20. Qg3 Ne6 21. Be5 Qg5 22. Bb3 Bf6 23. Qxg5 Bxg5 24. Rcd1 Bf4 25. Bxd4 Rd8 26. Bc5+ Ke8 27. Bb6 Rxd1 28. Rxd1 Ke7 29. g3 Bd6 30. Rc1 Be5 31. Rc2 g5 32. Re2 Bd6 33. Rc2 h5 34. Kg2 h4 35. Be3 hxg3 36. fxg3 Rg8 37. Bxe6 Kxe6 38. Kf3 f5 39. Re2 Kd5 40. Rd2+ Ke6 41. Re2 Kf6 42. Bd4+ Kf7 43. Be5 Be7 44. Bc3 Rd8 45. Rd2 Rxd2 46. Bxd2 Bf6 47. Bc3 Be7 1/2-1/2

[Event "GEO-ch 1st League 2021"]
[Site "Tbilisi"]
[Date "2021.04.04"]
[Round "7.3"]
[White "Morchiashvili, Bachana"]
[Black "Mindiashvili, Tengiz"]
[Result "1/2-1/2"]
[ECO "E91"]
[WhiteElo "2313"]
[BlackElo "1923"]
[Annotator "RC"]
[PlyCount "98"]
[EventDate "2021.03.29"]
[EventType "swiss"]
[EventCountry "GEO"]
[SourceTitle "playchess.com"]
[Source "ChessBase"]
[SourceQuality "1"]
[TimeControl "5400+30"]

1. d4 g6 2. c4 Bg7 3. e4 Nc6 4. Nf3 d6 5. d5 Ne5 6. Nxe5 dxe5 7. Nc3 Nf6 8. Be2 O-O 9. O-O Ne8 10. Be3 f5 11. f3 f4 12. Bf2 Nf6 13. b4 g5 14. c5 h5 15. h3 a5 16. b5 Qe8 17. d6 cxd6 18. cxd6 Be6 19. Nd5 Bxd5 20. dxe7 Qxe7 21. exd5 Kh8 22. Rc1 Rfc8 23. Qd3 e4 24. fxe4 Qxe4 25. Qxe4 Nxe4 26. Bxh5 Nxf2 27. Kxf2 Bd4+ 28. Kf3 Kg7 29. Rxc8 Rxc8 30. Rd1 Bb6 31. Kg4 Kf6 32. h4 gxh4 33. Kxf4 Rc4+ 34. Kf3 Rd4 35. Rf1 Kg5 36. Bf7 Rf4+ 37. Ke2 Rxf1 38. Kxf1 Kf6 39. Be6 Bc7 40. b6 Bxb6 41. Bc8 Ke5 42. Bxb7 Kd6 43. Ke2 Bd4 44. Kd3 Bg1 45. Kc4 Bf2 46. Bc8 Bg3 47. Bg4 Bf2 48. Kb5 Be1 49. Bf3 Bd2 1/2-1/2

[Event "GEO-ch 1st League 2021"]
[Site "Tbilisi"]
[Date "2021.04.04"]
[Round "7.7"]
[White "Tsereteli, Tornike"]
[Black "Esadze, Tamari"]
[Result "0-1"]
[ECO "B22"]
[WhiteElo "1765"]
[BlackElo "1889"]
[Annotator "NA RC"]
[PlyCount "74"]
[EventDate "2021.03.29"]
[EventType "swiss"]
[EventCountry "GEO"]
[SourceTitle "playchess.com"]
[Source "ChessBase"]
[SourceQuality "1"]
[TimeControl "5400+30"]

1. e4 c5 2. c3 Nf6 3. e5 Nd5 4. d4 cxd4 5. Nf3 Nc6 6. Bc4 Nb6 7. Bb3 d6 8. exd6 Qxd6 9. O-O e6 10. cxd4 Be7 11. Nc3 a6 12. Be3 O-O 13. Ne4 Qd8 14. Ne5 Nd5 15. Nxc6 bxc6 16. Rc1 f5 17. Nc5 f4 18. Bd2 f3 19. Re1 Bd6 20. Re4 fxg2 21. Kxg2 Qf6 22. Qe2 Bf4 23. Rg1 Qh6 24. Nxe6 Bxe6 25. Rxe6 Qxh2+ 26. Kf1 Bxd2 27. Rxc6 Qh3+ 28. Rg2 Kh8 29. Bxd5 Qh1+ 30. Rg1 Qxd5 31. Rc7 Bh6 32. Rg4 Rae8 33. Re7 Rxe7 34. Qxe7 Qf3 35. Qe2 Qh3+ 36. Kg1 Rc8 37. f3 Bf4 0-1

[Event "GEO-ch 1st League 2021"]
[Site "Tbilisi"]
[Date "2021.04.04"]
[Round "7.11"]
[White "Adamia, Jaba"]
[Black "Gabunia, Davit"]
[Result "1-0"]
[ECO "D56"]
[WhiteElo "1899"]
[BlackElo "1715"]
[Annotator "NA RC"]
[PlyCount "67"]
[EventDate "2021.03.29"]
[EventType "swiss"]
[EventCountry "GEO"]
[SourceTitle "playchess.com"]
[Source "ChessBase"]
[SourceQuality "1"]
[TimeControl "5400+30"]

1. d4 Nf6 2. c4 e6 3. Nf3 b6 4. Bg5 Bb7 5. e3 Be7 6. Nc3 d5 7. cxd5 Nxd5 8. Bxe7 Qxe7 9. Rc1 Nxc3 10. Rxc3 O-O 11. Qc2 Rc8 12. Bd3 h6 13. O-O c5 14. dxc5 Rxc5 15. Rxc5 bxc5 16. Be4 Na6 17. Bxb7 Qxb7 18. Rd1 Rb8 19. b3 Qc7 20. Qd2 Nb4 21. h3 Nd5 22. Rc1 Rd8 23. Qe2 Nb6 24. Nd4 Rd5 25. Nb5 Qd7 26. a4 Rd2 27. Qf3 a6 28. Nc3 f5 29. a5 Nd5 30. Na4 Qb5 31. Nxc5 Qxa5 32. Nxe6 Nc3 33. Qb7 Ne2+ 34. Kh1 1-0

[Event "GEO-ch 1st League 2021"]
[Site "Tbilisi"]
[Date "2021.04.04"]
[Round "7.12"]
[White "Tsanatsqenishvili, Alexandre"]
[Black "Elashvili, Giorgi"]
[Result "1-0"]
[ECO "B35"]
[WhiteElo "1702"]
[BlackElo "1857"]
[Annotator "NA"]
[PlyCount "123"]
[EventDate "2021.03.29"]
[EventType "swiss"]
[EventCountry "GEO"]
[SourceTitle "playchess.com"]
[Source "ChessBase"]
[SourceQuality "1"]
[TimeControl "5400+30"]

1. e4 c5 2. Nf3 Nc6 3. d4 cxd4 4. Nxd4 g6 5. Nc3 Bg7 6. Be3 Nf6 7. Bc4 O-O 8. Bb3 Re8 9. Nxc6 dxc6 10. Qf3 e5 11. O-O Qc7 12. Bg5 Bg4 13. Qg3 Be6 14. Qh4 Nh5 15. Bxe6 Rxe6 16. Rad1 Rf8 17. Bd8 Qc8 18. Be7 Re8 19. Bc5 b6 20. Be3 Qc7 21. Qg4 Nf4 22. g3 h5 23. Qf3 Nh3+ 24. Kg2 Rf6 25. Qe2 Nf4+ 26. gxf4 exf4 27. Qc4 fxe3 28. Nd5 Qc8 29. Nxf6+ Bxf6 30. fxe3 Qg4+ 31. Kh1 Rxe4 32. Qxc6 Rxe3 33. Rg1 Qh4 34. Rdf1 Kg7 35. c3 Re6 36. Qf3 g5 37. Rg2 g4 38. Qf4 Re7 39. Rgf2 Bg5 {[%emt 0:00:28] [#]} 40. Qd6 $1 Qh3 $2 {[%emt 0:00:33] [#]} (40... g3 41. Qxg3 Qxg3 42. hxg3 Kg6) 41. Rf5 $2 (41. Qd4+ $1 $18 Kg8 42. Qd5) 41... Bh4 $2 {[%emt 0:00:17] [#]} (41... Qe3 $11 42. Qd5 f6) 42. Qd5 $2 ({White should play} 42. Qd4+ $1 $18 Kg8 43. Qc4) 42... f6 43. Qd2 g3 (43... Kg6 $11 {remains equal.}) 44. R5f3 Bg5 45. Qg2 Qxg2+ 46. Kxg2 Re2+ (46... gxh2 $142 47. Kxh2 Re4) 47. Kxg3 Rxb2 (47... h4+ $16 48. Kg4 Rxb2) 48. R1f2 Rb5 $2 (48... h4+ $16 49. Kg4 Rb1) 49. h4 Bc1 50. Rxf6 Rc5 51. Rf7+ Kg8 52. Rf8+ Kg7 53. R2f7+ Kg6 54. Rf6+ Kg7 55. R8f7+ Kg8 56. Rxa7 Rxc3+ 57. Rf3 Rc6 58. Rd3 Bh6 59. Rd8+ Bf8 60. Kf4 $18 Rg6 61. Raa8 Rf6+ 62. Kg5 1-0

[Event "GEO-ch 1st League 2021"]
[Site "Tbilisi"]
[Date "2021.04.05"]
[Round "8.1"]
[White "Nigalidze, Gaioz"]
[Black "Lortkipanidze, Nodar"]
[Result "1/2-1/2"]
[ECO "D35"]
[WhiteElo "2480"]
[BlackElo "2416"]
[Annotator "ChessBase"]
[PlyCount "76"]
[EventDate "2021.03.29"]
[EventType "swiss"]
[EventCountry "GEO"]
[SourceTitle "playchess.com"]
[Source "ChessBase"]
[SourceQuality "1"]
[TimeControl "5400+30"]

1. d4 e6 2. c4 Nf6 3. Nf3 d5 4. cxd5 exd5 5. Nc3 c6 6. Bg5 Be7 7. Qc2 g6 8. e3 Bf5 9. Bd3 Bxd3 10. Qxd3 Nbd7 11. Bh6 Bf8 12. Bf4 Be7 13. h3 O-O 14. g4 Re8 15. O-O-O Qa5 16. Kb1 Bb4 17. Nd2 Bxc3 18. Qxc3 Qxc3 19. bxc3 Ne4 20. Nxe4 Rxe4 21. h4 f6 22. Kc2 b5 23. g5 fxg5 24. hxg5 Nb6 25. Be5 Nd7 26. Bd6 Re6 27. Bf4 a5 28. Rb1 a4 29. Rh4 Rf8 30. Kd3 Nb6 31. Rbh1 Rf7 32. Be5 Nc4 33. Bf6 h5 34. Rf4 Rf8 35. Re1 Rfe8 36. Rh4 Kf7 37. Rh3 Re4 38. Re2 Rg4 1/2-1/2

[Event "GEO-ch 1st League 2021"]
[Site "Tbilisi"]
[Date "2021.04.05"]
[Round "8.2"]
[White "Azaladze, Shota"]
[Black "Tutisani, Noe"]
[Result "1-0"]
[ECO "A04"]
[WhiteElo "2439"]
[BlackElo "2427"]
[Annotator "ChessBase"]
[PlyCount "81"]
[EventDate "2021.03.29"]
[EventType "swiss"]
[EventCountry "GEO"]
[SourceTitle "playchess.com"]
[Source "ChessBase"]
[SourceQuality "1"]
[TimeControl "5400+30"]

1. Nf3 c5 2. g3 g6 3. Bg2 Bg7 4. O-O Nc6 5. c3 e5 6. e4 Nge7 7. d3 O-O 8. a3 d6 9. b4 a6 10. Be3 f5 11. exf5 gxf5 12. bxc5 f4 13. Bc1 d5 14. Nbd2 Qe8 15. Qe2 Qh5 16. Rb1 Bg4 17. Rxb7 Rae8 18. Bb2 Bh6 19. h3 Bxh3 20. c4 fxg3 21. fxg3 Bxg2 22. Kxg2 Nf5 23. Rf2 Ne3+ 24. Kg1 Qg6 25. cxd5 Nd4 26. Bxd4 exd4 27. Ne4 Rxe4 28. dxe4 d3 29. Qa2 Qxg3+ 30. Kh1 Ng4 31. d6+ Kh8 32. Qb2+ Rf6 33. Rb8+ Bf8 34. Rxf8+ Kg7 35. Qxf6+ Nxf6 36. Rg2 Qxg2+ 37. Kxg2 Kxf8 38. e5 Ne4 39. c6 Ke8 40. c7 Kd7 41. Kf1 1-0

[Event "GEO-ch 1st League 2021"]
[Site "Tbilisi"]
[Date "2021.04.05"]
[Round "8.3"]
[White "Mindiashvili, Tengiz"]
[Black "Petriashvili, Nikoloz"]
[Result "0-1"]
[ECO "B34"]
[WhiteElo "1923"]
[BlackElo "2425"]
[Annotator "ChessBase"]
[PlyCount "59"]
[EventDate "2021.03.29"]
[EventType "swiss"]
[EventCountry "GEO"]
[SourceTitle "playchess.com"]
[Source "ChessBase"]
[SourceQuality "1"]
[TimeControl "5400+30"]

1. e4 c5 2. Nf3 Nc6 3. d4 cxd4 4. Nxd4 g6 5. Nc3 Bg7 6. Be3 Nf6 7. Nxc6 bxc6 8. e5 Ng8 9. Bd4 Qa5 10. Qd2 c5 11. Be3 Bxe5 12. Bc4 Nf6 13. O-O d6 14. Rfe1 Rb8 15. Bf4 Nd7 16. Bxe5 Nxe5 17. Rxe5 dxe5 18. Qd5 O-O 19. Qxe5 Rxb2 20. Nd5 Rb7 21. h4 Qd2 22. Ba6 Rd7 23. Bd3 f6 24. Nxe7+ Kf7 25. Bc4+ Kg7 26. Qe6 Qd1+ 27. Bf1 Qxa1 28. Nxc8 Rd1 29. Qe7+ Rf7 30. Qe2 0-1

[Event "GEO-ch 1st League 2021"]
[Site "Tbilisi"]
[Date "2021.04.05"]
[Round "8.4"]
[White "Qalichava, Akaki"]
[Black "Morchiashvili, Bachana"]
[Result "1/2-1/2"]
[ECO "B35"]
[WhiteElo "1877"]
[BlackElo "2313"]
[Annotator "ChessBase"]
[PlyCount "171"]
[EventDate "2021.03.29"]
[EventType "swiss"]
[EventCountry "GEO"]
[SourceTitle "playchess.com"]
[Source "ChessBase"]
[SourceQuality "1"]
[TimeControl "5400+30"]

1. e4 c5 2. Nf3 Nc6 3. d4 cxd4 4. Nxd4 g6 5. Nc3 Bg7 6. Be3 Nf6 7. Bc4 O-O 8. Bb3 Re8 9. f3 e6 10. Qd2 d5 11. exd5 Nxd5 12. Bxd5 Nxd4 13. Bb3 Nxb3 14. axb3 Qxd2+ 15. Kxd2 a6 16. Na4 Bd7 17. c3 Bc6 18. Rhd1 f5 19. Ke2 Rad8 20. Bb6 Rxd1 21. Rxd1 Kf7 22. Nc5 g5 23. Nd3 Rc8 24. Nb4 Bb5+ 25. c4 Be8 26. Rd2 Bf8 27. Nd3 Bd6 28. h4 gxh4 29. Bd4 Bc6 30. Ne5+ Ke7 31. Bc3 Rg8 32. Kf2 h5 33. b4 h3 34. gxh3 h4 35. Nxc6+ bxc6 36. Bf6+ Kxf6 37. Rxd6 Rb8 38. Rxc6 Rxb4 39. Rxa6 Rxc4 40. Rb6 Rc2+ 41. Ke3 Rh2 42. Rb8 Rxh3 43. Rh8 Rh1 44. b4 Ke5 45. f4+ Kd6 46. Rd8+ Kc7 47. Rh8 Kc6 48. Rd8 h3 49. Kf2 h2 50. Kg2 Rf1 51. Kxh2 Rxf4 52. Rb8 Kc7 53. Re8 Kd6 54. Rb8 Rg4 55. b5 Ke5 56. b6 Rb4 57. b7 f4 58. Kg2 Rb2+ 59. Kf3 Rb3+ 60. Kf2 Rb1 61. Kf3 Rb3+ 62. Kf2 Ke4 63. Re8 Rb2+ 64. Kg1 Rxb7 65. Rxe6+ Kf3 66. Ra6 Rb1+ 67. Kh2 Re1 68. Ra3+ Kf2 69. Ra2+ Re2 70. Ra1 f3 71. Kh3 Re1 72. Ra2+ Re2 73. Ra1 Rd2 74. Rb1 Ra2 75. Rc1 Ra8 76. Rc2+ Ke1 77. Rc1+ Kd2 78. Rb1 Ra2 79. Kg3 Ke2 80. Rc1 f2 81. Kg2 Ra8 82. Rc2+ Ke1 83. Rc1+ Kd2 84. Rf1 Ke3 85. Rxf2 Rg8+ 86. Kf1 1/2-1/2

[Event "GEO-ch 1st League 2021"]
[Site "Tbilisi"]
[Date "2021.04.05"]
[Round "8.5"]
[White "Esadze, Tamari"]
[Black "Arabidze, Meri"]
[Result "0-1"]
[ECO "B85"]
[WhiteElo "1889"]
[BlackElo "2437"]
[Annotator "ChessBase"]
[PlyCount "70"]
[EventDate "2021.03.29"]
[EventType "swiss"]
[EventCountry "GEO"]
[SourceTitle "playchess.com"]
[Source "ChessBase"]
[SourceQuality "1"]
[TimeControl "5400+30"]

1. e4 c5 2. Nf3 e6 3. d4 cxd4 4. Nxd4 Nc6 5. Nc3 a6 6. Be2 d6 7. Be3 Nf6 8. O-O Be7 9. Qd2 O-O 10. f4 Bd7 11. Rad1 b5 12. a3 Qc7 13. Qe1 b4 14. axb4 Nxb4 15. Qg3 Kh8 16. Kh1 Rac8 17. e5 Ne8 18. Bd3 Nxd3 19. Rxd3 f5 20. exd6 Nxd6 21. Rfd1 Rcd8 22. Nf3 Nc4 23. Ne5 Nxe5 24. fxe5 Bc6 25. Rxd8 Bxd8 26. Ne2 Be4 27. Nd4 Qf7 28. c3 g5 29. Bc1 f4 30. Qg4 Bd5 31. c4 Bxc4 32. Nc6 Bb6 33. Qxg5 f3 34. Be3 Bxe3 35. Qxe3 f2 0-1

[Event "GEO-ch 1st League 2021"]
[Site "Tbilisi"]
[Date "2021.04.05"]
[Round "8.6"]
[White "Bagaturov, Giorgi"]
[Black "Volkov, Nika"]
[Result "0-1"]
[ECO "D47"]
[WhiteElo "2431"]
[BlackElo "2084"]
[Annotator "ChessBase"]
[PlyCount "68"]
[EventDate "2021.03.29"]
[EventType "swiss"]
[EventCountry "GEO"]
[SourceTitle "playchess.com"]
[Source "ChessBase"]
[SourceQuality "1"]
[TimeControl "5400+30"]

1. d4 Nf6 2. Nf3 d5 3. c4 e6 4. Nc3 c6 5. e3 Nbd7 6. Bd3 dxc4 7. Bxc4 b5 8. Bd3 Bd6 9. O-O Bb7 10. e4 e5 11. Ne2 exd4 12. Nexd4 O-O 13. Bc2 Re8 14. Nf5 Bf8 15. Bg5 c5 16. Re1 Qc7 17. e5 Nxe5 18. Nxe5 Rxe5 19. Qd3 Qc6 20. Qh3 Rxe1+ 21. Rxe1 h6 22. Bf4 Re8 23. Rd1 Re2 24. Ne3 Nd5 25. Nxd5 Rxc2 26. Qg4 Rc4 27. Ne3 Rd4 28. Rxd4 cxd4 29. Nf5 h5 30. Qg5 g6 31. h3 Qe6 32. Nxd4 Qe1+ 33. Kh2 Qxf2 34. Ne6 Be7 0-1

[Event "GEO-ch 1st League 2021"]
[Site "Tbilisi"]
[Date "2021.04.05"]
[Round "8.7"]
[White "Akhvlediani, Irakli"]
[Black "Kheladze, Ilia"]
[Result "1-0"]
[ECO "D00"]
[WhiteElo "2355"]
[BlackElo "1813"]
[Annotator "ChessBase"]
[PlyCount "55"]
[EventDate "2021.03.29"]
[EventType "swiss"]
[EventCountry "GEO"]
[SourceTitle "playchess.com"]
[Source "ChessBase"]
[SourceQuality "1"]
[TimeControl "5400+30"]

1. d4 d5 2. Bf4 Nf6 3. Nc3 c5 4. e3 Nc6 5. Nb5 e5 6. dxe5 a6 7. Nc3 d4 8. exf6 dxc3 9. Qxd8+ Kxd8 10. O-O-O+ Ke8 11. b3 gxf6 12. Ne2 Ne5 13. Nxc3 Be6 14. Nd5 Bxd5 15. Rxd5 Rd8 16. Rxd8+ Kxd8 17. Be2 Rg8 18. Bg3 c4 19. Rd1+ Kc8 20. Bxc4 Ba3+ 21. Kb1 Nxc4 22. bxc4 Rd8 23. Rxd8+ Kxd8 24. c3 Kd7 25. Kc2 Kc6 26. e4 h6 27. Bf4 Kc5 28. Kb3 1-0

[Event "GEO-ch 1st League 2021"]
[Site "Tbilisi"]
[Date "2021.04.05"]
[Round "8.8"]
[White "Chkhaidze, Nikoloz"]
[Black "Adamia, Jaba"]
[Result "0-1"]
[ECO "B43"]
[WhiteElo "2307"]
[BlackElo "1899"]
[Annotator "ChessBase"]
[PlyCount "122"]
[EventDate "2021.03.29"]
[EventType "swiss"]
[EventCountry "GEO"]
[SourceTitle "playchess.com"]
[Source "ChessBase"]
[SourceQuality "1"]
[TimeControl "5400+30"]

1. e4 c5 2. Nf3 e6 3. d4 cxd4 4. Nxd4 a6 5. Nc3 Qc7 6. g4 b5 7. Bg2 Bb7 8. Qe2 Ne7 9. Be3 Ng6 10. O-O-O Nf4 11. Qf3 Nxg2 12. Qxg2 Nc6 13. Nxc6 Qxc6 14. f3 Rc8 15. Rd2 Bc5 16. Bxc5 Qxc5 17. Rhd1 b4 18. Ne2 d5 19. e5 d4 20. Nxd4 Qxe5 21. f4 Qc7 22. Qf2 O-O 23. h4 Rfd8 24. h5 Bd5 25. Kb1 Be4 26. h6 e5 27. Re2 Rxd4 28. Rxd4 exd4 29. Rxe4 d3 30. Re1 dxc2+ 31. Kc1 Qc4 32. Qe3 gxh6 33. b3 Qc3 34. Qxc3 Rxc3 35. Re4 a5 36. Re5 Rf3 37. f5 Kg7 38. Rxa5 Rf4 39. Kxc2 Rxg4 40. Kd3 h5 41. a4 bxa3 42. Rxa3 Kf6 43. Ra6+ Kxf5 44. Rh6 h4 45. Rxh7 Kg6 46. Rh8 Kg7 47. Rh5 Kg6 48. Rh8 f5 49. Ke3 Rb4 50. Kf2 Kg5 51. Rg8+ Kf4 52. Rh8 Kg4 53. Rg8+ Kh3 54. Rf8 f4 55. Rf7 Kh2 56. Rf8 h3 57. Rf7 Rxb3 58. Rxf4 Rb2+ 59. Kf1 Kg3 60. Rf8 Rb1+ 61. Ke2 h2 0-1

[Event "GEO-ch 1st League 2021"]
[Site "Tbilisi"]
[Date "2021.04.05"]
[Round "8.9"]
[White "Tsanatsqenishvili, Alexandre"]
[Black "Kachkachishvili, Lasha"]
[Result "0-1"]
[ECO "B15"]
[WhiteElo "1702"]
[BlackElo "1681"]
[Annotator "NA"]
[PlyCount "116"]
[EventDate "2021.03.29"]
[EventType "swiss"]
[EventCountry "GEO"]
[SourceTitle "playchess.com"]
[Source "ChessBase"]
[SourceQuality "1"]
[TimeControl "5400+30"]

1. e4 c6 2. Nf3 d5 3. Nc3 g6 4. h3 Bg7 5. d4 dxe4 6. Nxe4 Nf6 7. Nxf6+ exf6 8. Bd3 O-O 9. Be3 Re8 10. Qd2 Be6 11. O-O-O b5 12. Rhe1 a5 13. b3 a4 14. Kb2 Qe7 15. b4 a3+ 16. Ka1 Na6 17. c3 Nc7 18. Qc2 Nd5 19. Bc1 Qd7 20. Re2 Bf8 21. Rde1 Ra4 22. Bd2 Bd6 23. Qc1 Raa8 24. Be4 Nb6 25. Qc2 Na4 26. Bh6 Nb2 27. Nd2 f5 28. Bf3 Red8 29. Bg5 Rdc8 30. Bf6 Bf8 31. h4 h5 32. g3 Bh6 33. Nb3 Bc4 34. Re7 Qd6 35. Bg5 Bf8 36. R7e3 Na4 37. Nd2 Bd5 38. Bf4 Qd7 39. Qd1 Nxc3 40. Rxc3 Bxb4 41. Rd3 Bc4 42. Nxc4 bxc4 43. Rde3 Bxe1 44. Rxe1 Re8 45. Be5 Rab8 46. Re2 Rb5 47. Rc2 Qe6 48. Re2 Qd7 49. Rc2 Rb4 50. Qd2 Qb7 51. Qc1 Qb5 52. Bf4 Qb6 53. Rc3 Qxd4 54. Qd2 Qb6 55. Rc1 Rb2 56. Qc3 Rxf2 57. Rb1 Rxf3 58. Qf6 Qd8 0-1

[Event "GEO-ch 1st League 2021"]
[Site "Tbilisi"]
[Date "2021.04.05"]
[Round "8.10"]
[White "Tsereteli, Tornike"]
[Black "Siprashvili, Ivane"]
[Result "1-0"]
[ECO "C68"]
[WhiteElo "1765"]
[BlackElo "2075"]
[Annotator "ChessBase"]
[PlyCount "91"]
[EventDate "2021.03.29"]
[EventType "swiss"]
[EventCountry "GEO"]
[SourceTitle "playchess.com"]
[Source "ChessBase"]
[SourceQuality "1"]
[TimeControl "5400+30"]

1. e4 e5 2. Nf3 Nc6 3. Bb5 a6 4. Bxc6 dxc6 5. O-O Qd6 6. c3 c5 7. d4 cxd4 8. cxd4 exd4 9. e5 Qg6 10. Qxd4 Bh3 11. Ng5 Bf5 12. Nc3 Ne7 13. e6 Bxe6 14. Nxe6 fxe6 15. Rd1 Kf7 16. Qf4+ Kg8 17. Qxc7 b5 18. Qb7 Re8 19. Qxa6 b4 20. Ne2 Nd5 21. Nf4 Nxf4 22. Bxf4 h6 23. Bd6 Kh7 24. Qc4 Bxd6 25. Rxd6 Rhf8 26. Qxb4 Rb8 27. Qd2 Qf6 28. Rb1 Rbd8 29. Rxd8 Rxd8 30. Qc2+ Kh8 31. h3 Qd4 32. Re1 e5 33. Qc3 Qd5 34. Rxe5 Qxa2 35. Re7 Qb1+ 36. Kh2 Qg6 37. Qc7 Rd2 38. Qb8+ Kh7 39. Re8 Qf6 40. Rh8+ Kg6 41. Rf8 Qe6 42. b4 Rb2 43. Qg3+ Kh5 44. Re8 Qd7 45. Re7 Qd1 46. Qe5+ 1-0

[Event "GEO-ch 1st League 2021"]
[Site "Tbilisi"]
[Date "2021.04.05"]
[Round "8.11"]
[White "Khodashneli, Shota"]
[Black "Tskipurishvili, Daviti"]
[Result "1-0"]
[ECO "C10"]
[WhiteElo "1976"]
[BlackElo "1807"]
[Annotator "NA"]
[PlyCount "59"]
[EventDate "2021.03.29"]
[EventType "swiss"]
[EventCountry "GEO"]
[SourceTitle "playchess.com"]
[Source "ChessBase"]
[SourceQuality "1"]
[TimeControl "5400+30"]

1. e4 e6 2. d4 d5 3. Nc3 dxe4 4. Nxe4 Nd7 5. Nf3 Ngf6 6. Nxf6+ Nxf6 7. Bg5 Be7 8. Bd3 O-O 9. Qe2 Nd5 10. h4 h6 11. Bd2 Nb4 12. Bxb4 Bxb4+ 13. c3 Bd6 14. O-O-O Qe7 15. g4 Bd7 16. g5 Bc6 17. gxh6 Bf4+ 18. Kb1 Bxh6 19. Rhg1 Bxf3 20. Qxf3 Rfb8 21. Rg3 Kf8 22. Qe4 Qd6 23. Rf3 c6 24. Qg6 Qe7 25. Re1 Ke8 26. Qh5 Kf8 27. Bc4 Kg8 28. Rxf7 Qxf7 29. Bxe6 Rf8 30. d5 1-0